 Dungeon Crawl Stone Soup version 0.30-a0-263-ge22c4ad894 (webtiles) character file.

Game seed: 14010081202288763160

14 gzilladon the Chopper (level 2, -10/27 HPs)
             Began as a Hill Orc Monk on Oct 13, 2022.
             Mangled by a worm (11 damage)
             ... on level 1 of the Dungeon.
             The game lasted 00:03:09 (971 turns).

gzilladon the Chopper (Hill Orc Monk)                Turns: 971, Time: 00:03:10

Health: -10/27     AC:  2    Str: 13    XL:     2   Next: 41%
Magic:  2/2        EV: 12    Int: 10    God:
Gold:   3          SH:  0    Dex: 13    Spells: 1/1 levels left

rFire   . . .      SeeInvis .    a - +0 hand axe
rCold   . . .      Faith    .    (no shield)
rNeg    . . .      Spirit   .    b - +0 robe
rPois   .          Reflect  .    (no helmet)
rElec   .          Harm     .    (no cloak)
rCorr   .          Rampage  .    (no gloves)
Will    .....                    (no boots)
Stlth   ++........               g - amulet of the acrobat
HPRegen 0.24/turn                (no ring)
MPRegen 0.08/turn                (no ring)

@: no status effects
A: no striking features
a: no special abilities


You were on level 1 of the Dungeon.
You visited 1 branch of the dungeon, and saw 2 of its levels.

You collected 3 gold pieces.

Inventory:

Hand Weapons
 a - a +0 hand axe (weapon)
Missiles
 d - 23 stones (quivered)
 f - 6 poisoned darts
 i - 4 boomerangs
Armour
 b - a +0 robe (worn)
Jewellery
 g - an amulet of the acrobat (around neck)
Scrolls
 h - a scroll of magic mapping {unknown}
Potions
 c - a potion of ambrosia
 e - a potion of curing {unknown}
 j - a potion of brilliance {unknown}


   Skills:
 + Level 3.7 Fighting
 * Level 4.5 Axes
 + Level 2.7 Dodging
 + Level 1.5 Stealth


You had one spell level left.
You didn't know any spells.
Your spell library contained the following spells:

 Spells                   Type           Power      Damage    Failure   Level
 Inner Flame              Hex/Fire       0%         N/A       75%         3
 Ice Form                 Ice/Tmut       0%         N/A       98%         4
 Sticky Flame             Conj/Fire      0%         2d3       98%         4
 Ozocubu's Refrigeration  Ice            0%         4d7       100%        7


Dungeon Overview and Level Annotations

Branches:
Dungeon (2/15)

Altars:


Message History

You hit the ball python.
You kill the ball python!
You hit the ball python. You barely miss the frilled lizard.
The ball python barely misses you. The ball python closely misses you.
The frilled lizard barely misses you. The ball python bites you.
The ball python grabs you.
You stop ascending the stairs.
The ball python constricts you.
The frilled lizard bites you but does no damage.
The ball python bites you but does no damage.
The ball python constricts you.
You hit the worm.
The worm is moderately wounded.
You hit the ball python.
You kill the ball python!
You hit the frilled lizard. The frilled lizard closely misses you.
The adder closely misses you.
You hit the worm.
The worm is severely wounded.
You miss the frilled lizard. You hit the adder. The frilled lizard misses you.
The worm bites you! The adder misses you.
You hit the worm.
The worm is severely wounded.
You miss the adder. You hit the frilled lizard.
You kill the frilled lizard!
The adder closely misses you. The worm bites you. The adder barely misses you.
The adder closely misses you.
You climb upwards.
There is a stone staircase leading down here.
You barely miss the worm.
The worm is heavily wounded.
You hit the adder. The adder bites you.
* * * LOW HITPOINT WARNING * * *
The worm bites you.
* * * LOW HITPOINT WARNING * * *
You hit the worm.
The worm is severely wounded.
You hit the adder.
You kill the adder!
The worm bites you!
You die...

######## #########......#######
####....................#########
.....#####.#..###................
##########.#..# ###########..###.
...........#..# ##.....
############..########## #..#.)
#......w@†.....# #..#.)
#.##..########.# ##.##.
#####..#..# #.# #..#.
#....#.#..###### #.# #..##
#.####.#.......# #.# ##)..# #.#
#.#..####.# #.# ##....#
#.####.##.## #.# #.####......
#....#.#...# #.# #...........
#######.#...# #.########.##...


You could see a worm.

Vanquished Creatures
  An adder (D:1)
  3 goblins (D:1)
  4 hobgoblins (D:1)
  A quokka (D:1)
  2 ball pythons (D:2)
  A bat (D:1)
  2 frilled lizards
14 creatures vanquished.

Notes
Turn   | Place    | Note
-------+----------+-------------------------------------------
     0 | D:1      | gzilladon the Hill Orc Monk began the quest for the Orb.
     0 | D:1      | Reached XP level 1. HP: 19/19 MP: 1/1
   206 | D:1      | Got the Vellum of Hoarfrost and Heat
   418 | D:1      | Reached XP level 2. HP: 27/27 MP: 2/2
   970 | D:1      | HP: 1/27 [worm (5)]
   971 | D:1      | Mangled by a worm

Illustrated notes

Levels and vault maps discovered:
D:1:      lemuel_arrival_cross, layout_loops_ring, minmay_unequal
D:2:      layout_rooms, serial_forest, infiniplex_forest_clump_tiny,
          infiniplex_forest_straight_4, infiniplex_forest_end_3,
          infiniplex_forest_lined_corner, infiniplex_forest_lined_3,
          uniq_crazy_yiuf_cottage

Action                   || total
-------------------------++-------
Melee: Hand axe          ||    44
       Punch             ||     1
 Stab: Sleeping          ||     1
Armor: Robe              ||     7
Dodge: Dodged            ||    39

Table legend: (Time is in decaauts)
 A = Elapsed time spent in this place.
 B = Non-inter-level travel time spent in this place.
 C = Inter-level travel time spent in this place.
 D = Time resting spent in this place.
 E = Time spent auto-exploring this place.
 F = Levels seen in this place.
 G = Mean time per level.
                   A        B        C        D        E       F      G
               +--------+--------+--------+--------+--------+-----+--------+
         Total |    976 |    747 |    229 |     95 |      0 |   2 |  488.0 |
       Dungeon |    976 |    747 |    229 |     95 |      0 |   2 |  488.0 |
               +--------+--------+--------+--------+--------+-----+--------+

Top non-repeatable levels by time:
     D:1: 964 daAuts
     D:2: 11 daAuts
